 Dungeon Crawl Stone Soup version 0.31-a0-175-g9f7f995f2b (webtiles) character file.

Game seed: 12117077408876680475

697 qw the Chopper (level 7, -1/44 HPs)
             Began as a Gargoyle Fighter on June 17, 2023.
             Was an Initiate of Okawaru.
             Slain by Duvessa
             ... wielding a +0 short sword
              (8 damage)
             ... on level 5 of the Dungeon.
             The game lasted 00:01:50 (4199 turns).

qw the Chopper (Gargoyle Fighter)                   Turns: 4199, Time: 00:01:51

Health: -1/44      AC: 17    Str: 22    XL:     7   Next: 65%
Magic:  7/7        EV:  6    Int:  8    God:    Okawaru [......]
Gold:   211        SH:  4    Dex:  9    Spells: 6/6 levels left

rFire   . . .        Y - +1 war axe
rCold   . . .        c - +0 buckler
rNeg    + . .        b - +0 plate armour
rPois   inf          k - +0 helmet
rElec   +            (no cloak)
rCorr   .            (no gloves)
SInv    .            (no boots)
Will    .....        (no amulet) Stlth
                     (no ring)
HPRegen 0.27/turn    (no ring)
MPRegen 0.10/turn

%: no passive effects
@: lit by a corona, about to teleport, glowing
A: sickness immunity, AC +4, negative energy resistance 1, electricity
resistance, torment resistance 1, petrification resistance
a: Renounce Religion


You were on level 5 of the Dungeon.
You worshipped Okawaru.
Okawaru was noncommittal.
You visited 2 branches of the dungeon, and saw 6 of its levels.

You collected 211 gold pieces.


Innate Abilities, Weirdness & Mutations

You are immune to sickness and miasma.
Your stone body is resilient. (AC +4)
You are immune to poison.
You resist negative energy. (rN+)
You are resistant to electric shocks. (rElec)
You are resistant to unholy torment.
You are immune to petrification.


   Skills:
 - Level 4.5 Fighting
 + Level 6.8 Axes
 - Level 4.1 Armour
 - Level 3.2 Shields


You had 6 spell levels left.
You didn't know any spells.
Your spell library was empty.

Inventory:

Hand Weapons
 g - a +0 mace
 Y - a +1 war axe (weapon)
Armour
 b - a +0 plate armour (worn)
 c - a +0 buckler (worn)
 k - a +0 helmet (worn)
Scrolls
 a - 3 scrolls of teleportation
 e - a scroll of identify
Potions
 d - a potion of might
 f - a potion of cancellation
 h - a potion of curing {unknown}
 i - a potion of attraction {unknown}
 j - a potion of degeneration {unknown}
 l - a potion of enlightenment {unknown}

Dungeon Overview and Level Annotations

Branches:
Dungeon (5/15)             Temple (1/1) D:5

Altars:
Ashenzari
Cheibriados
Dithmenos
Elyvilon
Fedhas
Gozag
Hepliaklqana
Nemelex Xobeh
Okawaru
Qazlal
Sif Muna
Trog
Uskayaw
Vehumet
Wu Jian
Xom
The Shining One

Annotations:
D:5 Duvessa


Message History

Duvessa hits you but does no damage. Dowan gestures at you while chanting.
You are outlined in light.
Duvessa barely misses you.
You closely miss Dowan.
Dowan is almost dead.
You closely miss Duvessa. You block Dowan's attack.
Duvessa hits you but does no damage. Dowan hits you but does no damage.
Duvessa hits you with a +0 short sword.
You miss Dowan.
Dowan is almost dead.
You hit Duvessa. Duvessa hits you with a +0 short sword.
Dowan hits you but does no damage.
You miss Dowan.
Dowan is almost dead.
You barely miss Duvessa. Duvessa hits you but does no damage. x2
Dowan gestures at you while chanting.
The puff of frost hits you but does no damage.
You hit Dowan but do no damage.
Dowan is almost dead.
You hit Duvessa. Duvessa hits you but does no damage.
Dowan hits you but does no damage. Duvessa hits you but does no damage.
You hit Dowan.
You kill Dowan!
Okawaru accepts your kill.
Duvessa weeps, and shakes her weapon.
Duvessa goes berserk!
You hit Duvessa but do no damage. Duvessa hits you with a +0 short sword!
Duvessa hits you but does no damage.
You hit Duvessa.
Duvessa is severely wounded.
Duvessa hits you with a +0 short sword. Duvessa hits you with a +0 short sword!
4198 ||| READING 4 scrolls of teleportation.
As you read the scroll of teleportation, it crumbles to dust.
You feel strangely unstable. Duvessa hits you but does no damage.
You hit Duvessa.
Duvessa is severely wounded.
Duvessa hits you with a +0 short sword!
You die...

#.#####.......# #
#.........###.# #.
########..# #.# ##'#
#..###.# #...# #......#
.....# #.##.#.# ......#
##......#
.......####...#.#######.
......e@................
......)####...#.#######.
......# ##.##.# .....#
####.# #...# #.# ##+#
#.# ..# ###


You could see Duvessa (berserk, fast).

Vanquished Creatures
  A black bear (D:5)
  An ogre (D:5)
  2 phantoms (D:4)
  Blork the orc (D:5)
  A scorpion (D:4)
  Dowan (D:5)
  A hound (D:4)
  Robin (D:4)
  2 adders
  3 gnolls (D:2)
  A white imp (D:5)
  2 ufetubi (D:5)
  A worm (D:2)
  2 dart slugs (D:2)
  4 orcs (D:3)
  3 endoplasms
  4 giant cockroaches
  14 goblins
  10 hobgoblins
  10 jackals
  7 kobolds
  2 quokkas (D:4)
  3 ball pythons
  2 bats (D:2)
  5 frilled lizards
  3 rats (D:2)
87 creatures vanquished.

Notes
Turn   | Place    | Note
-------+----------+-------------------------------------------
     0 | D:1      | qw the Gargoyle Fighter began the quest for the Orb.
     0 | D:1      | Reached XP level 1. HP: 14/14 MP: 1/1
     0 | D:1      | 0 ||| qw: Version: 0.3-a-2-g5ab2908
     0 | D:1      | 0 ||| qw: Game counter: 145
     0 | D:1      | 0 ||| qw: Always use a shield: true
     0 | D:1      | 0 ||| qw: God list: Okawaru
     0 | D:1      | 0 ||| qw: Allow faded altars: false
     0 | D:1      | 0 ||| qw: Do Orc after D:15 true
     0 | D:1      | 0 ||| qw: Do second Lair branch before Depths: true
     0 | D:1      | 0 ||| qw: Lair rune preference: random
     0 | D:1      | 0 ||| qw: Plans: Normal, Zot:1-4, Slime:5, God:TSO, Crypt,
                  | Tomb, Abyss, Pan, Hells, Win
     0 | D:1      | 0 ||| PLANNING D:1-11
    59 | D:1      | Reached skill level 2 in Axes
    72 | D:1      | 72 ||| DROPPING +0 club.
   457 | D:1      | Reached XP level 2. HP: 16/19 MP: 2/2
   601 | D:1      | 601 ||| UPGRADING to +0 chain mail.
   611 | D:1      | 611 ||| DROPPING +0 scale mail.
   612 | D:1      | 612 ||| DROPPING ring of magical power.
   613 | D:1      | 613 ||| READING 3 scrolls labelled JEECUQ ZASERAPH.
   616 | D:1      | 616 ||| READING scroll labelled MIJO CACEA.
   673 | D:2      | Found a faded altar of an unknown god.
   676 | D:2      | 676 ||| Stepping ~*~*~tactically~*~*~ (hiding).
  1037 | D:2      | Reached skill level 3 in Axes
  1277 | D:2      | Reached XP level 3. HP: 12/23 MP: 3/3
  1390 | D:2      | 1390 ||| Stepping ~*~*~tactically~*~*~ (hiding).
  1391 | D:2      | 1391 ||| Stepping ~*~*~tactically~*~*~ (hiding).
  1571 | D:2      | Reached XP level 4. HP: 20/28 MP: 4/4
  1652 | D:2      | 1652 ||| Stepping ~*~*~tactically~*~*~ (hiding).
  1789 | D:2      | Reached skill level 4 in Axes
  2018 | D:2      | 2018 ||| UPGRADING to +0 plate armour.
  2028 | D:2      | 2028 ||| DROPPING +0 chain mail.
  2029 | D:2      | 2029 ||| READING scroll labelled YXKUSATUANT.
  2047 | D:3      | Found an ornate altar of the Wu Jian Council.
  2178 | D:3      | 2178 ||| Stepping ~*~*~tactically~*~*~ (hiding).
  2231 | D:3      | 2231 ||| Stepping ~*~*~tactically~*~*~ (stealth).
  2855 | D:3      | 2855 ||| READING scroll labelled SIPIDE JAPNOT.
  2856 | D:3      | 2856 ||| READING scroll labelled POEWKANARA.
  2857 | D:3      | 2857 ||| READING 2 scrolls of identify.
  2857 | D:3      | 2857 ||| IDENTIFYING red potion
  2983 | D:4      | Reached XP level 5. HP: 31/32 MP: 5/5
  3134 | D:4      | Reached skill level 5 in Axes
  3216 | D:4      | Noticed Robin
  3225 | D:4      | Killed Robin
  3226 | D:4      | Reached XP level 6. HP: 27/37 MP: 6/6
  3242 | D:4      | 3242 ||| FLEEEEING.
  3243 | D:4      | 3243 ||| FLEEEEING.
  3278 | D:4      | 3278 ||| Stepping ~*~*~tactically~*~*~ (stealth).
  3279 | D:4      | 3279 ||| Stepping ~*~*~tactically~*~*~ (stealth).
  3283 | D:4      | 3283 ||| Stepping ~*~*~tactically~*~*~ (stealth).
  3284 | D:4      | 3284 ||| Stepping ~*~*~tactically~*~*~ (stealth).
  3626 | D:4      | 3626 ||| UPGRADING to +0 helmet.
  3653 | D:5      | Entered Level 5 of the Dungeon
  3662 | D:5      | Noticed Blork the orc
  3663 | D:5      | 3663 ||| Stepping ~*~*~tactically~*~*~ (hiding).
  3678 | D:5      | Killed Blork the orc
  3679 | D:5      | Reached skill level 6 in Axes
  3679 | D:5      | Reached XP level 7. HP: 35/44 MP: 7/7
  3864 | D:5      | Found a staircase to the Ecumenical Temple.
  3865 | D:5      | 3865 ||| PLANNING TEMPLE
  3865 | D:5      | 3865 ||| Stepping ~*~*~tactically~*~*~ (hiding).
  3868 | D:5      | 3868 ||| Stepping ~*~*~tactically~*~*~ (hiding).
  3915 | Temple   | Entered the Ecumenical Temple
  3994 | Temple   | 3994 ||| PLANNING OKAWARU WORSHIP
  4113 | Temple   | Became a worshipper of Warmaster Okawaru
  4114 | Temple   | 4114 ||| PLANNING D:1-11
  4180 | D:5      | Noticed Dowan
  4182 | D:5      | Noticed Duvessa
  4196 | D:5      | Killed Dowan
  4197 | D:5      | HP: 6/44 [Duvessa/+0 short sword (11)]
  4198 | D:5      | 4198 ||| READING 4 scrolls of teleportation.
  4199 | D:5      | Slain by Duvessa

Levels and vault maps discovered:
D:1:      shiori_arrival_oz, layout_basic
D:2:      layout_loops_corners, hellmonk_ecumenical_altar_run_dry
D:3:      layout_basic, nzn_wu_jian_council_hall
D:4:      layout_loops_ring, uniq_robin
D:5:      cheibrodos_thug_alley, layout_loops_corners, lemuel_crystal_altar,
          minmay_temple_entry_stoned_glass, uniq_menkaure, uniq_duvessa,
          uniq_blork_the_orc
Temple:   eino_temple_scatter_basement

Skill      XL: |  1  2  3  4  5  6  7 |
---------------+----------------------+-----
Axes           | 2 3 4 5 6 |  6.8
Fighting       | 4 |  4.5
Armour         | 4 |  4.1
Shields        | |  3.2

Action                     |  1- 3 |  4- 6 |  7- 9 || total
---------------------------+-------+-------+-------++-------
  Melee: War axe           |   107 |   155 |    31 ||   293
    Use: Scroll            |     2 |     4 |     1 ||     7
 Armour: Scale mail        |    13 |       |       ||    13
         Chain mail        |    50 |     3 |       ||    53
         Plate armour      |       |    98 |    36 ||   134
  Dodge: Dodged            |    30 |    39 |     8 ||    77
  Block: Buckler           |    20 |    24 |     3 ||    47

Table legend:
 A = Non-vault XP
 B = Vault XP
 C = Vault XP percentage of total XP
 D = Non-vault monster count
 E = Vault monster count
 F = Vault count percentage of total count
                 A         B        C        D         E       F
            +---------+---------+-------+---------+---------+-------
      Total |     789 |     207 |  20.8 |      71 |      16 |  18.4
            +---------+---------+-------+---------+---------+-------
        D:1 |      16 |       2 |  11.1 |      10 |       1 |   9.1
        D:2 |      88 |       0 |   0.0 |      27 |       0 |   0.0
        D:3 |      36 |       0 |   0.0 |      12 |       0 |   0.0
        D:4 |     381 |      36 |   8.6 |      17 |      13 |  43.3
        D:5 |     268 |     169 |  38.7 |       5 |       2 |  28.6
            +---------+---------+-------+---------+---------+-------
